 Dungeon Crawl Stone Soup version 0.26-a0-520-g952f204493 (webtiles) character file.

Game seed: 2256202802324559208

248 ReteAZ the Covert (level 6, -3/35 HPs)
             Began as a Kobold Brigand on Aug 12, 2020.
             Slain by a gnoll
             ... wielding a +0 club
              (4 damage)
             ... on level 4 of the Dungeon.
             The game lasted 00:03:23 (3332 turns).

ReteAZ the Covert (Kobold Brigand)                  Turns: 3332, Time: 00:03:23

Health: -3/35      AC:  4    Str:  9    XL:     6   Next: 34%
Magic:  6/6        EV: 14    Int: 12    God:
Gold:   272        SH:  0    Dex: 18    Spells: 5/5 levels left

rFire    . . .     SeeInvis .   b - +1 short sword (elec)
rCold    . . .     Faith    .   (shield restricted)
rNeg     . . .     Spirit   .   s - +0 robe
rPois    .         Reflect  .   (no helmet)
rElec    .         Harm     .   c - +1 cloak
rCorr    .                      (no gloves)
MR       .....                  (no boots)
Stlth    ++++++....             (no amulet)
HPRegen  0.11/turn              (no ring)
MPRegen  0.10/turn              (no ring)

@: no status effects
A: small, nightstalker 3
a: no special abilities


You were on level 4 of the Dungeon.
You visited 1 branch of the dungeon, and saw 4 of its levels.

You collected 272 gold pieces.

Inventory:

Hand Weapons
 a - a +2 dagger
 b - a +1 short sword of electrocution (weapon)
Missiles
 d - 8 poisoned darts (quivered)
 e - 2 curare-tipped darts
Armour
 c - a +1 cloak (worn)
 i - a +0 buckler
 s - a +0 robe (worn)
Jewellery
 g - an uncursed ring of fire
 w - a +4 ring of protection {unknown}
Wands
 y - a wand of digging (6)
Scrolls
 j - a scroll of enchant armour
 k - a scroll of remove curse
 l - a scroll of magic mapping {unknown}
 o - 2 scrolls of blinking
 p - 2 scrolls of teleportation {unknown}
 r - 3 scrolls of fear {unknown}
 t - 2 scrolls of amnesia {unknown}
 x - a scroll of fog {unknown}
Potions
 f - a potion of berserk rage
 h - a potion of resistance {unknown}
 m - 3 potions of mutation {unknown}
 n - a potion of cancellation {unknown}
 q - 3 potions of stabbing {unknown}
 u - a potion of ambrosia {unknown}
 v - a potion of brilliance {unknown}


   Skills:
 - Level 2.1 Fighting
 - Level 2.6 Short Blades
 - Level 2.1 Throwing
 - Level 1.2 Dodging
 + Level 10.0 Stealth


You had 5 spell levels left.
You didn't know any spells.
Your spell library was empty.

Dungeon Overview and Level Annotations

Branches:
Dungeon (4/15)
 Temple: D:4-7

Altars:
Ashenzari
Gozag
Qazlal
Ru


Innate Abilities, Weirdness & Mutations

You are small and have problems with some larger weapons.
You are completely attuned to the shadows.


Message History

You hit the gnoll.
The gnoll is moderately wounded.
The gnoll barely misses you.
You completely miss the gnoll.
The gnoll is moderately wounded.
The gnoll hits you with a +0 club. The gnoll barely misses you.
You hit the gnoll.
The gnoll is moderately wounded.
The gnoll hits you with a +0 club.
* * * LOW HITPOINT WARNING * * *
You hit the gnoll.
The gnoll is heavily wounded.
The gnoll misses you. The gnoll hits you with a +0 club.
* * * LOW HITPOINT WARNING * * *
You closely miss the gnoll.
The gnoll is heavily wounded.
The gnoll hits you with a +0 halberd.
* * * LOW HITPOINT WARNING * * *
The gnoll hits you with a +0 club.
You die...

####)#
...#.####
#..|....
#Z# #.#
#g#
###.##
#.g#g#
#.#@#.#
#.###.#
#.# # #.#
#.# #.#
####.#
.....#
###..#


You could see 2 gnolls.

Vanquished Creatures
  A bullfrog (D:3)
  A worker ant (D:3)
  5 gnolls
  3 adders (D:3)
  An ooze (D:3)
  3 worms (D:3)
  3 dart slugs
  5 leopard geckos
  3 giant cockroaches
  6 goblins
  7 hobgoblins
  3 jackals (D:2)
  4 bats
  3 frilled lizards
  5 kobolds
  11 rats
64 creatures vanquished.

Notes
Turn   | Place    | Note
-------+----------+-------------------------------------------
     0 | D:1      | ReteAZ the Kobold Brigand began the quest for the Orb.
     0 | D:1      | Reached XP level 1. HP: 12/12 MP: 1/1
    61 | D:1      | Reached XP level 2. HP: 17/17 MP: 2/2
    70 | D:1      | Reached skill level 6 in Stealth
   787 | D:1      | Reached XP level 3. HP: 21/21 MP: 3/3
  1517 | D:2      | Reached skill level 7 in Stealth
  2059 | D:2      | Reached XP level 4. HP: 26/26 MP: 4/4
  2305 | D:3      | Found an opulent altar of Gozag.
  2449 | D:3      | Reached skill level 8 in Stealth
  2526 | D:3      | Reached XP level 5. HP: 30/30 MP: 5/5
  3032 | D:3      | Found an opulent altar of Gozag.
  3032 | D:3      | Found a stormy altar of Qazlal.
  3032 | D:3      | Found a shattered altar of Ashenzari.
  3227 | D:3      | Reached skill level 9 in Stealth
  3231 | D:3      | Noticed a bullfrog
  3235 | D:3      | Killed a bullfrog
  3235 | D:3      | Reached XP level 6. HP: 35/35 MP: 6/6
  3255 | D:3      | Found a sacrificial altar of Ru.
  3322 | D:4      | Reached skill level 10 in Stealth
  3332 | D:4      | HP: 1/35 [gnoll/+0 halberd (5)]
  3332 | D:4      | Slain by a gnoll

Illustrated notes

Levels and vault maps discovered:
D:1:      dpeg_arrival_arbitrary_a, layout_loops_ring, corexii_leaking_fountain,
          minivault_25, hangedman_decor_points
D:2:      layout_basic, minmay_fractal_squares_gapless_5
D:3:      layout_basic, gammafunk_temple_overflow_claw,
          nicolae_ru_the_path_less_chosen,
          nicolae_gozag_cash_rules_everything_around_me
D:4:      layout_loops_ring

Skill      XL: |  1  2  3  4  5  6 |
---------------+-------------------+-----
Stealth        | 6 7 8 9 10 | 10.0
Fighting       | |  2.1
Short Blades   | |  2.6
Throwing       | |  2.1
Dodging        | |  1.2

Action                   |  1- 3 |  4- 6 || total
-------------------------+-------+-------++-------
Melee: Dagger            |   118 |    32 ||   150
       Short sword       |       |    40 ||    40
  Use: Scroll            |     4 |       ||     4
 Stab: Sleeping          |    21 |    15 ||    36
       Distracted        |     1 |     1 ||     2
Armor: Robe              |    31 |     8 ||    39
Dodge: Dodged            |    76 |    42 ||   118

Table legend: (Time is in decaauts)
 A = Elapsed time spent in this place.
 B = Non-inter-level travel time spent in this place.
 C = Inter-level travel time spent in this place.
 D = Time resting spent in this place.
 E = Time spent auto-exploring this place.
 F = Levels seen in this place.
 G = Mean time per level.
                   A        B        C        D        E       F      G
               +--------+--------+--------+--------+--------+-----+--------+
         Total |   3307 |   3243 |     64 |    329 |   2480 |   4 |  826.8 |
       Dungeon |   3307 |   3243 |     64 |    329 |   2480 |   4 |  826.8 |
               +--------+--------+--------+--------+--------+-----+--------+

Top non-repeatable levels by time:
     D:1: 1299 daAuts
     D:3: 993 daAuts
     D:2: 960 daAuts
     D:4: 53 daAuts
